 Dungeon Crawl Stone Soup version 0.30.0-18-gc0e69614cb (webtiles) character file.

Game seed: 14242488704048554682

2809 KittyFluff the Basher (level 9, -7/84 HPs)
             Began as a Gargoyle Berserker on May 24, 2023.
             Was an Elder of Trog.
             Mangled by a two-headed ogre
             ... wielding a +0 giant spiked club
              (12 damage)
             ... on level 8 of the Dungeon.
             The game lasted 00:29:35 (6024 turns).

KittyFluff the Basher (Gargoyle Berserker)          Turns: 6024, Time: 00:29:36

Health: -7/84      AC: 15    Str: 27    XL:     9   Next: 72%
Magic:  9/9        EV: 13    Int:  8    God:    Trog [****..]
Gold:   312        SH:  6    Dex: 13    Spells: 8/8 levels left

rFire   + . .        a - +1 mace
rCold   . . .        F - +2 buckler {rF+}
rNeg    + . .        D - +1 robe {Will+}
rPois   ∞            b - +2 helmet
rElec   +            (no cloak)
rCorr   .            f - +0 pair of gloves
SInv    .            E - +0 pair of boots
Will    +....        (no amulet) Stlth
                     u - +6 ring of strength
HPRegen 0.34/turn    (no ring)
MPRegen 0.11/turn

%: no passive effects
@: berserking, very quick
A: sickness immunity, AC +6, negative energy resistance 1, electricity
resistance, torment resistance 1, petrification resistance
a: Renounce Religion, Berserk, Trog's Hand, Brothers in Arms


You were on level 8 of the Dungeon.
You worshipped Trog.
Trog was greatly pleased with you.
You visited 1 branch of the dungeon, and saw 8 of its levels.

You collected 345 gold pieces.
You spent 33 gold pieces at shops.

Inventory:

Hand Weapons
 a - a +1 mace (weapon)
 A - a +3 dire flail of venom
 L - a +1 sling of draining
Missiles
 e - 6 javelins
 y - a boomerang (quivered)
 C - 6 silver javelins
 G - a curare-tipped dart
 H - 4 poisoned darts
Armour
 b - a +2 helmet (worn)
 f - a +0 pair of gloves (worn)
 t - a +0 leather armour
 D - a +1 robe of willpower (worn)
 E - a +0 pair of boots (worn)
 F - a +2 buckler of fire resistance (worn)
 K - a +1 scale mail of cold resistance
 N - a +2 ring mail of poison resistance
Jewellery
 u - a +6 ring of strength (left hand)
Wands
 r - a wand of polymorph (4)
 z - a wand of roots (16)
 I - a wand of mindburst (25)
 O - a wand of acid (7)
Scrolls
 c - 2 scrolls of magic mapping {unknown}
 d - 3 scrolls of teleportation
 h - a scroll of silence {unknown}
 i - 2 scrolls of fog {unknown}
 j - 2 scrolls of immolation {unknown}
 k - 2 scrolls of butterflies {unknown}
 l - 3 scrolls of enchant weapon
 o - 4 scrolls of noise {unknown}
 p - 3 scrolls of fear
 v - a scroll of blinking
 M - a scroll of identify
Potions
 g - 6 potions of curing {unknown}
 m - a potion of lignification
 n - 2 potions of heal wounds
 q - a potion of haste {unknown}
 s - 2 potions of attraction {unknown}
 w - 3 potions of mutation {unknown}
 x - 2 potions of invisibility
 B - a potion of magic
 J - a potion of resistance
 P - a potion of might {unknown}


   Skills:
 + Level 6.7 Fighting
 * Level 8.9 Maces & Flails
 + Level 0.8 Throwing
 * Level 6.6 Armour
 + Level 4.2 Dodging
 + Level 3.4 Stealth
 + Level 2.3 Shields


You had 8 spell levels left.
You didn't know any spells.
Your spell library was empty.

Dungeon Overview and Level Annotations

Branches:
Dungeon (8/15)             Temple (0/1) D:4
   Lair: D:8-11

Altars:
Nemelex Xobeh

Shops:
D:5 (   D:6 ?   D:7 *


Innate Abilities, Weirdness & Mutations

You are immune to sickness and miasma.
Your stone body is resilient. (AC +6)
You are immune to poison.
You resist negative energy. (rN+)
You are resistant to electric shocks. (rElec)
You are resistant to unholy torment.
You are immune to petrification.


Message History

The orc hits you from afar with a +3 trident.
The orc misses you.
There is a stone staircase leading up here.
You sock the orc!
You kill the orc!
Trog accepts your kill.
Things that are here:
a +3 trident; a +0 ring mail; an orc corpse
There is a stone staircase leading up here.
Things that are here:
a +0 halberd; a +0 chain mail
There is a stone staircase leading up here.
You see here a potion of heal wounds.
n - 2 potions of heal wounds (gained 1)
The two-headed ogre shouts in stereo!
A red film seems to cover your vision as you go berserk!
You feel yourself moving faster!
You feel mighty!
You hit the two-headed ogre.
The two-headed ogre is lightly wounded.
The two-headed ogre hits you with a +0 giant spiked club!
The two-headed ogre hits you but does no damage.
You hit the two-headed ogre.
The two-headed ogre is lightly wounded.
You hit the two-headed ogre.
The two-headed ogre is lightly wounded.
An orc comes into view. It is wielding a +0 short sword.
The orc shouts!
You bludgeon the two-headed ogre!!
The two-headed ogre is heavily wounded.
The two-headed ogre hits you with a +0 giant spiked club!!
* * * LOW HITPOINT WARNING * * *
The two-headed ogre barely misses you.
You thump the two-headed ogre!
The two-headed ogre is severely wounded.
You sock the two-headed ogre!
The two-headed ogre is almost dead.
The two-headed ogre hits you with a +0 giant spiked club!!
* * * LOW HITPOINT WARNING * * *
The two-headed ogre hits you with a +0 giant spiked club!
You die...

### .. ......# #..#
..... .###..# .....#
..#..####
...###....#..
#..........###
#.>.....#....#
#...)...#....#
#..<.@.......#
#....O..##.#.#
#).....## # ##.....#
........##.#.#
...#........#.####
.....#..##o..#.#..
.....#..##...#...####
... ..#........... .


You could see a two-headed ogre and an orc.

Vanquished Creatures
  A ynoxinul (D:3)
  Edmund (D:4)
  3 water moccasins (D:7)
  An orc warrior (D:8)
  2 sky beasts (D:7)
  2 ice beasts (D:7)
  3 ogres
  A centaur (D:7)
  2 phantoms
  A kobold brigand (D:6)
  4 bullfrogs
  4 scorpions
  3 wights (D:6)
  A howler monkey (D:6)
  3 hounds
  An orc priest (D:4)
  4 iguanas
  Ijyb (D:3)
  3 orc wizards
  Robin (D:3)
  2 gnolls (D:5)
  3 adders
  A white imp (D:7)
  2 worms
  A dart slug (D:1)
  39 orcs
  3 ball pythons
  9 endoplasms
  A giant cockroach (D:3)
  9 goblins
  5 hobgoblins
  5 jackals
  A bat (D:3)
  4 frilled lizards
  12 kobolds
  5 rats
144 creatures vanquished.

Notes
Turn   | Place    | Note
-------+----------+-------------------------------------------
     0 | D:1      | KittyFluff the Gargoyle Berserker began the quest for the
                  | Orb.
     0 | D:1      | Reached XP level 1. HP: 14/14 MP: 1/1
   271 | D:1      | Reached XP level 2. HP: 16/19 MP: 2/2
   891 | D:2      | Reached XP level 3. HP: 20/24 MP: 3/3
  1309 | D:2      | Reached ** piety under Trog
  1394 | D:3      | Noticed Robin
  1406 | D:3      | Killed Robin
  1795 | D:3      | Noticed Ijyb
  1810 | D:3      | Reached XP level 4. HP: 21/29 MP: 4/4
  1840 | D:3      | Killed Ijyb
  1988 | D:3      | Reached skill level 4 in Maces & Flails
  2012 | D:3      | Noticed Grinder
  2013 | D:3      | Paralysed by Grinder for 4 turns
  2017 | D:3      | Grinder changed into Grinder the ynoxinul
  2017 | D:3      | Noticed Grinder
  2030 | D:3      | Killed Grinder the ynoxinul
  2031 | D:3      | Reached XP level 5. HP: 9/34 MP: 5/5
  2031 | D:3      | Reached XP level 6. HP: 11/39 MP: 6/6
  2547 | D:4      | Noticed Edmund
  2670 | D:3      | Reached *** piety under Trog
  2855 | D:4      | Reached skill level 5 in Maces & Flails
  2871 | D:4      | Found a staircase to the Ecumenical Temple.
  3113 | D:4      | Killed Edmund
  3114 | D:4      | Reached XP level 7. HP: 20/44 MP: 7/7
  3375 | D:5      | Entered Level 5 of the Dungeon
  3376 | D:5      | Found Qake's Weapon Emporium.
  3388 | D:5      | Reached skill level 1 in Stealth
  3552 | D:5      | Reached skill level 6 in Maces & Flails
  3777 | D:5      | Found a sparkling altar of Nemelex Xobeh.
  3786 | D:5      | Reached skill level 5 in Fighting
  3786 | D:5      | Reached skill level 5 in Armour
  3786 | D:5      | Reached XP level 8. HP: 18/49 MP: 8/8
  4118 | D:6      | Reached skill level 7 in Maces & Flails
  4998 | D:6      | Found Piasimm's Magic Scroll Emporium.
  5012 | D:6      | Bought a scroll of teleportation for 33 gold pieces
  5060 | D:6      | Reached skill level 1 in Shields
  5081 | D:6      | Reached **** piety under Trog
  5185 | D:7      | Reached XP level 9. HP: 55/55 MP: 9/9
  5293 | D:7      | Reached skill level 8 in Maces & Flails
  5692 | D:7      | Found Guwoor's Serpentskin Sales.
  5876 | D:8      | Noticed a two-headed ogre
  6024 | D:8      | Mangled by a two-headed ogre

Illustrated notes

Levels and vault maps discovered:
D:1:      dpeg_arrival_leaves_temple_mockup, layout_basic, minmay_tall_x
D:2:      layout_basic
D:3:      layout_loops_ring, uniq_ijyb, uniq_robin, uniq_grinder
D:4:      layout_rooms, temple_statues, uniq_edmund
D:5:      layout_basic, nemelex_dance_club_becter, serial_shops,
          nicolae_shop_stone, chequers_mini_garden
D:6:      layout_rooms, serial_shops, nicolae_shop_getting_attention,
          hangedman_decor_slide_cut
D:7:      layout_loops_cross, guppyfry_shop_venom
D:8:      layout_rooms, lair_entry_dummy,
          nicolae_concentric_dashed_squares_wild, minivault_22, uniq_gastronok,
          uniq_prince_ribbit1, uniq_maurice, uniq_pikel

Skill      XL: |  1  2  3  4  5  6  7  8  9 |
---------------+----------------------------+-----
Dodging        | 2 3 4 |  4.2
Fighting       | 4 5 6 |  6.7
Maces & Flails | 4 5 6 7 8 |  8.9
Armour         | 3 4 5 6 |  6.6
Stealth        | 1 2 3 |  3.4
Shields        | 1 2 |  2.3
Throwing       | |  0.8

Action                     |  1- 3 |  4- 6 |  7- 9 || total
---------------------------+-------+-------+-------++-------
  Melee: Mace              |   125 |   157 |   325 ||   607
         Punch             |     1 |     1 |     3 ||     5
  Throw: Boomerang         |       |     4 |     3 ||     7
         Stone             |       |     2 |       ||     2
         Throwing net      |       |       |     1 ||     1
 Invoke: Berserk           |     1 |     2 |     1 ||     4
  Evoke: Wand              |       |     1 |       ||     1
    Use: Scroll            |     1 |     5 |     3 ||     9
   Stab: Sleeping          |       |       |     2 ||     2
 Armour: Animal skin       |    21 |       |       ||    21
         Leather armour    |    12 |    61 |    12 ||    85
         Robe              |       |       |    86 ||    86
  Dodge: Dodged            |    60 |    87 |   208 ||   355
  Block: Buckler           |       |       |    55 ||    55
